 Dungeon Crawl Stone Soup version 0.27-a0-1529-g1e82c303ef (webtiles) character file.

Game seed: 12123041198809725661

251 Demosthentine the Poker (level 6, 0/48 HPs)
             Began as a Merfolk Gladiator on July 12, 2021.
             Slain by Crazy Yiuf (3 damage)
             ... on level 3 of the Dungeon.
             The game lasted 00:02:24 (3658 turns).

Demosthentine the Poker (Merfolk Gladiator)         Turns: 3658, Time: 00:02:26

Health: 0/48       AC:  4    Str: 16    XL:     6   Next: 13%
Magic:  3/6        EV: 19    Int:  7    God:
Gold:   43         SH:  0    Dex: 16    Spells: 5/5 levels left

rFire    . . .     SeeInvis .   a - +0 trident
rCold    . . .     Faith    .   (no shield)
rNeg     . . .     Spirit   .   b - +0 leather armour
rPois    .         Reflect  .   c - +0 helmet
rElec    .         Harm     .   (no cloak)
rCorr    .         Rampage  .   (no gloves)
Will     .....                  (no boots)
Stlth    +.........             (no amulet)
HPRegen  0.16/turn              (no ring)
MPRegen  0.10/turn              (no ring)

@: agile, lethally poisoned (0 -> -8)
A: (nimble swimmer 2), mertail
a: no special abilities


You were on level 3 of the Dungeon.
You visited 1 branch of the dungeon, and saw 3 of its levels.

You collected 43 gold pieces.

Inventory:

Hand Weapons
 a - a +0 trident (weapon)
Missiles
 d - a throwing net (quivered)
Armour
 b - a +0 leather armour (worn)
 c - a +0 helmet (worn)
Scrolls
 g - a scroll of silence {unknown}
Potions
 e - a potion of lignification {unknown}
 f - a potion of ambrosia {unknown}
 h - a potion of flight
 i - 2 potions of cancellation {unknown}


   Skills:
 + Level 3.9 Fighting
 + Level 6.1 Polearms
 - Level 2.0 Throwing
 + Level 1.9 Armour
 + Level 5.5 Dodging


You had 5 spell levels left.
You didn't know any spells.
Your spell library contained the following spells:

 Spells                   Type           Power      Damage    Failure   Level
 Conjure Flame            Conj/Fire      0%         6-21      86%         3
 Ignite Poison            Fire/Tmut/Pois 0%         N/A       86%         3
 Sticky Flame             Conj/Fire      0%         2d3       99%         4


Dungeon Overview and Level Annotations

Branches:
Dungeon (3/15)

Altars:

Shops:
D:2 [=?

Annotations:
D:3 1 runed translucent door, Crazy Yiuf; Nausicaa's ghost, weakling VSTm


Innate Abilities, Weirdness & Mutations

((You are quick and stealthy near water. (Stealth+, EV+, Speed+++)))
Your lower body shifts to a powerful aquatic tail in water.


Message History

You hit Crazy Yiuf.
Crazy Yiuf is moderately wounded.
Crazy Yiuf struggles against the net.
The net rips apart, and Crazy Yiuf comes free!
You hit Crazy Yiuf.
Crazy Yiuf is heavily wounded.
Crazy Yiuf hits you with a +4 quarterstaff of chaos!
Crazy Yiuf freezes you.
You barely miss Crazy Yiuf.
Crazy Yiuf is heavily wounded.
Crazy Yiuf screams, "Tosser snail bush!"
Crazy Yiuf hits you with a +4 quarterstaff of chaos.
You feel your power leaking away.
You hit Crazy Yiuf.
Crazy Yiuf is severely wounded.
Crazy Yiuf closely misses you.
You barely miss Crazy Yiuf.
Crazy Yiuf is severely wounded.
Crazy Yiuf whimpers, "Aardvark cloud Xom!"
Crazy Yiuf hits you with a +4 quarterstaff of chaos!
You are poisoned.
You barely miss Crazy Yiuf.
Crazy Yiuf is severely wounded.
You feel very sick.
Crazy Yiuf hits you with a +4 quarterstaff of chaos!
* * * LOW HITPOINT WARNING * * *
You feel agile all of a sudden.
Unknown command.
Throw: 2 throwing nets
Press: ? - help, Q - select action Shift-Dir - straight line, f/p - Crazy Yiuf
Aim: Crazy Yiuf, wielding a +4 quarterstaff of chaos and wearing a +0 cloak (severely wounded, 65% to hit)
You throw a throwing net.
The throwing net closely misses Crazy Yiuf.
* * * LOW HITPOINT WARNING * * *
You feel very sick.
Crazy Yiuf says, "Orb bush blue!"
Crazy Yiuf hits you with a +4 quarterstaff of chaos!
* * * LOW HITPOINT WARNING * * *
Crazy Yiuf burns you.
You die...

....####.........................
....# #...###########...........
....# #...# #........... ....#
#...# ##### #........... ....#
#...# #)()# #.....##....
....####...# #)))# #.....##..).
.......##### ... #(..........
...........# #g# #...........
...........# ♣♣@♣ #...........
..#........# ♣.♣♣ #...........
###......### ♣♣.♣ ###.........
..'........# ♣.♣♣ #.#.........
###......### ♣♣.♣♣ #.+.........
...........# ♣)..♣♣ #.#....<....
.........### ♣....♣ #...........
...........# #....# #.......###.
...........###....####...##### #.


You could see Crazy Yiuf.

Vanquished Creatures
  Jessica (D:2)
  Natasha (thrice) (D:2)
  An orc wizard (D:3)
  6 adders
  2 dart slugs
  3 orcs (D:3)
  2 bats
  4 endoplasms
  2 giant cockroaches
  6 goblins
  5 hobgoblins
  10 jackals (D:2)
  A quokka (D:2)
  2 ball pythons
  2 frilled lizards (D:1)
  5 kobolds
  8 rats
63 creatures vanquished.

Notes
Turn   | Place    | Note
-------+----------+-------------------------------------------
     0 | D:1      | Demosthentine the Merfolk Gladiator began the quest for the
                  | Orb.
     0 | D:1      | Reached XP level 1. HP: 16/16 MP: 1/1
   368 | D:1      | Reached XP level 2. HP: 23/23 MP: 2/2
   663 | D:1      | Found a faded altar of an unknown god.
   847 | D:1      | You fall into a shaft and drop 1 floor!
   902 | D:2      | Reached XP level 3. HP: 9/28 MP: 3/3
   920 | D:2      | Noticed Natasha
   940 | D:2      | Killed Natasha
   941 | D:2      | Reached skill level 5 in Polearms
   941 | D:2      | Reached skill level 1 in Armour
   947 | D:2      | Reached XP level 4. HP: 10/35 MP: 4/4
   986 | D:2      | Noticed Jessica
  1506 | D:2      | Found Louc Xou's Magic Scroll Boutique.
  1527 | D:2      | Found Edeub's Jewellery Shop.
  1547 | D:2      | Killed Jessica
  1816 | D:2      | Reached skill level 5 in Dodging
  1893 | D:2      | Noticed Natasha
  1906 | D:2      | Killed Natasha
  1907 | D:2      | Reached XP level 5. HP: 23/41 MP: 5/5
  2158 | D:2      | Noticed Natasha
  2165 | D:2      | Killed Natasha
  2238 | D:2      | Found Zoeku's Armour Boutique.
  2640 | D:3      | Reached skill level 6 in Polearms
  2947 | D:3      | Reached XP level 6. HP: 44/48 MP: 6/6
  3568 | D:3      | Found a runed translucent door.
  3571 | D:3      | Noticed Nausicaa's ghost (weakling VSTm)
  3643 | D:3      | Found a runed translucent door.
  3644 | D:3      | Noticed Crazy Yiuf
  3658 | D:3      | Slain by Crazy Yiuf

Illustrated notes

Levels and vault maps discovered:
D:1:      dpeg_arrival_rooms_b, layout_basic,
          hellmonk_ecumenical_altar_leap_of_faith, minmay_misc_feat_ornament
D:2:      layout_loops_ring, serial_shops, nicolae_diamond_shop, shop_fountains,
          nicolae_shop_crystal, uniq_natasha, uniq_jessica
D:3:      layout_basic, ebering_ghost_reflecting_pool, corexii_leaking_fountain,
          uniq_crazy_yiuf_cottage

Skill      XL: |  1  2  3  4  5 |
---------------+----------------+-----
Fighting       | 3 |  3.9
Polearms       | 5 6 |  6.1
Armour         | 1 |  1.9
Dodging        | 5 |  5.5
Throwing       | |  2.0

Action                   |  1- 3 |  4- 6 || total
-------------------------+-------+-------++-------
Melee: Trident           |    63 |   168 ||   231
Throw: Throwing net      |       |     2 ||     2
  Use: Potion            |     2 |       ||     2
       Scroll            |       |     4 ||     4
 Stab: Sleeping          |     1 |     2 ||     3
Armor: Leather armour    |     8 |    26 ||    34
Dodge: Dodged            |    35 |    82 ||   117

Table legend: (Time is in decaauts)
 A = Elapsed time spent in this place.
 B = Non-inter-level travel time spent in this place.
 C = Inter-level travel time spent in this place.
 D = Time resting spent in this place.
 E = Time spent auto-exploring this place.
 F = Levels seen in this place.
 G = Mean time per level.
                   A        B        C        D        E       F      G
               +--------+--------+--------+--------+--------+-----+--------+
         Total |   3669 |   3604 |     65 |      0 |   3158 |   3 | 1223.0 |
       Dungeon |   3669 |   3604 |     65 |      0 |   3158 |   3 | 1223.0 |
               +--------+--------+--------+--------+--------+-----+--------+

Top non-repeatable levels by time:
     D:1: 1307 daAuts
     D:2: 1266 daAuts
     D:3: 1095 daAuts
